Map: Ruins of Endion

Players

Miszu

  • Race: Terran Terran
  • League: Master

FunK - Winner!

  • Race: Protoss Protoss
  • League: Grandmaster

VOD

Have the link to the VOD?

Description

Time

  • Played on: April 18, 2016, 4 p.m.
  • Length: 18:46
Show
View Real Time Build Order
Export as new Build Order

Miszu Terran 

Build Orders: Command Center First (CC), MMM Bio 

Get SALT Encoding   

  12  0:01  SCV  
  13  0:13  SCV  
  14  0:18  Supply Depot  
  14  0:25  SCV  
  15  0:39  SCV  
  16  0:51  SCV  
  17  1:03  SCV  
  18  1:07  Command Center  
  18  1:15  SCV  
  18  1:18  Barracks  
  19  1:28  SCV  
  19  1:31  Barracks  
  20  1:40  SCV  
  20  1:46  Barracks  
  21  1:52  SCV  
  22  2:04  Marine, Orbital Command  
  23  2:18  Orbital Command  
  23  2:19  Marine  
  24  2:24  Marine  
  24  2:29  SCV  
  26  2:32  Refinery x2  
  26  2:33  Marine  
  27  2:37  Marine  
  27  2:42  SCV  
  30  2:44  SCV  
  30  2:47  Supply Depot  
  30  2:48  Marine  
  31  2:54  SCV  
  31  2:56  Marine, SCV  
  34  2:58  Marine  
  35  3:06  Barracks Tech Lab, SCV  
  35  3:08  SCV  
  35  3:12  Supply Depot  
  37  3:13  Marine  
  37  3:18  SCV  
  37  3:19  Marine  
  40  3:20  SCV  
  40  3:26  Marine  
  42  3:27  Stimpack  
  42  3:30  SCV  
  42  3:31  Supply Depot  
  42  3:32  Marine, SCV  
  45  3:37  Marine  
  46  3:42  SCV  
  46  3:43  Factory  
  46  3:44  SCV  
  46  3:46  Refinery  
  48  3:49  Engineering Bay  
  48  3:54  SCV  
  48  3:55  Supply Depot  
  49  3:56  Marine, SCV  
  49  4:02  Marine  
  52  4:06  SCV  
  52  4:08  SCV  
  55  4:15  Terran Infantry Weapons Level 1  
  55  4:16  Barracks Reactor  
  54  4:17  Barracks Reactor, Barracks Tech Lab  
  54  4:18  Supply Depot, SCV  
  54  4:21  SCV  
  56  4:25  Marine  
  56  4:28  Starport  
  56  4:30  SCV  
  58  4:31  Barracks  
  58  4:32  Barracks  
  58  4:34  SCV  
  58  4:35  Factory Reactor  
  59  4:43  SCV, Combat Shields  
  59  4:45  Missile Turret  
  60  4:46  SCV  
  60  4:49  Missile Turret  
  61  4:54  Refinery  
  61  4:55  Marine, SCV  
  61  4:58  SCV  
  61  4:59  Supply Depot  
  64  5:02  Marauder  
  64  5:04  Marauder  
  69  5:07  Marine, SCV  
  70  5:21  Factory Reactor  
  70  5:22  Supply Depot, Medivac x2  
  70  5:23  Supply Depot, Barracks Tech Lab  
  70  5:26  Barracks Reactor  
  74  5:33  Marauder x2  
  78  5:35  Supply Depot  
  78  5:36  Marine x2  
  80  5:48  SCV  
  80  5:49  Supply Depot, SCV  
  82  5:53  Marauder  
  82  5:54  Medivac  
  82  5:55  Medivac  
  88  6:04  Marine, Marauder, Widow Mine  
  90  6:10  Command Center  
  93  6:15  Marine, Marauder  
  93  6:17  Marine  
  97  6:21  Marauder  
  97  6:24  Widow Mine  
  101  6:26  Medivac  
  101  6:28  Medivac  
  101  6:31  Terran Infantry Armor Level 1  
  105  6:38  Marauder  
  105  6:39  Marauder  
  107  6:53  Marine, Marauder, Widow Mine  
  114  6:57  Medivac  
  114  6:58  Marine  
  114  6:59  Marine  
  114  7:00  Marine x2  
  118  7:10  Supply Depot  
  118  7:12  Supply Depot, Marine x2  
  118  7:14  Supply Depot, Marine, SCV x2  
  123  7:16  Marine x2  
  123  7:22  Marauder  
  127  7:26  SCV  
  128  7:30  Marauder  
  130  7:44  Medivac x2, Marauder, Widow Mine  
  134  7:52  Marauder, Widow Mine  
  134  7:53  Marine  
  138  7:58  Marine x2  
  138  7:59  Marine x2  
  138  8:04  Marine  
  140  8:11  Marine  
  140  8:12  Widow Mine  
  133  8:13  Marine, Orbital Command  
  133  8:14  Medivac x2  
  133  8:15  SCV  
  133  8:16  Marine x3, SCV  
  133  8:17  Marauder  
  147  8:23  Marauder  
  149  8:28  Marine  
  149  8:29  SCV  
  149  8:31  Marauder, Armory  
  149  8:34  Supply Depot  
  153  8:36  Engineering Bay  
  153  8:38  Marine  
  153  8:39  Marauder  
  153  8:41  Marine  
  157  8:44  Marauder  
  157  8:47  Refinery  
  157  8:48  Supply Depot, Refinery  
  159  8:52  Marine, Marauder  
  162  9:00  Marauder  
  162  9:05  Marauder  
  160  9:14  Marauder  
  148  9:22  Marauder  
  148  9:24  Marine  
  144  9:27  Marauder  
  144  9:30  Widow Mine  
  144  9:31  Marine, Medivac  
  118  9:32  Marine x2  
  118  9:35  Marauder  
  121  9:40  Medivac, Widow Mine  
  121  9:41  Marine  
  121  9:44  Marauder  
  125  9:48  Marauder  
  125  9:49  Marine  
  125  9:50  Marine x2  
  130  9:54  Terran Infantry Weapons Level 2  
  130  9:55  Terran Infantry Armor Level 2  
  130  9:56  Marauder, Command Center, Liberator  
  130  9:59  Marine  
  132  10:05  Marauder  
  134  10:07  Marine, Medivac, Widow Mine  
  134  10:10  Marauder  
  144  10:18  Marauder, SCV  
  144  10:19  Starport, SCV  
  144  10:20  Liberator, SCV  
  149  10:26  Marauder  
  151  10:30  SCV  
  151  10:31  Supply Depot, Marauder, SCV  
  151  10:33  Widow Mine  
  157  10:39  Liberator  
  157  10:42  Missile Turret  
  160  10:48  Marauder  
  162  10:56  Starport Reactor  
  165  10:58  Marauder x2  
  165  11:03  Liberator  
  169  11:17  Liberator x2  
  169  11:22  Liberator  
  162  11:31  Marine, Marauder  
  158  11:34  Marauder  
  158  11:36  Marine  
  158  11:37  Marauder  
  158  11:38  Marine  
  158  11:39  Marine  
  174  11:52  Marauder  
  176  12:00  Liberator x2  
  176  12:03  Medivac  
  176  12:05  Liberator  
  169  12:09  Marine  
  169  12:10  Marauder  
  169  12:13  Marauder  
  174  12:16  Liberator  
  174  12:20  Planetary Fortress  
  183  12:26  Refinery  
  183  12:28  Refinery  
  185  12:42  Marauder  
  185  12:43  Liberator x2  
  181  12:48  Liberator  
  161  12:59  Liberator  
  158  13:10  Marauder x2  
  148  13:19  Concussive Shells  
  148  13:20  Marine  
  148  13:21  Marine x3, Marauder  
  148  13:24  Barracks x2  
  148  13:25  Barracks  
  148  13:26  SCV x4  
  158  13:27  Terran Infantry Weapons Level 3  
  158  13:31  Marine  
  157  13:38  Starport, SCV x3  
  160  13:44  Marine x5  
  160  13:45  Marine, Liberator x4  
  166  13:49  Marine  
  167  14:02  Marine x3  
  181  14:07  Marauder  
  181  14:20  Marauder  
  180  14:27  Liberator  
  180  14:28  Liberator  
  180  14:30  Liberator  
  180  14:31  Liberator  
  172  14:40  Marauder  
  172  14:45  Marine  
  163  14:46  Marine, Marauder x2  
  163  14:47  Marine x4  
  163  14:49  Marine  
  172  14:56  Starport Tech Lab  
  172  15:01  Marauder  
  172  15:03  Marine  
  172  15:04  Marine  
  176  15:09  Orbital Command  
  176  15:10  Liberator x2  
  176  15:13  Liberator x2  
  157  15:14  Marauder  
  157  15:18  Marauder  
  151  15:23  Marauder  
  151  15:27  Marine  
  159  15:36  Marauder  
  156  15:43  Marauder  
  156  15:53  Liberator x2  
  149  16:04  Marine, Marauder  
  153  16:21  Fusion Core  
  153  16:25  Command Center  
  150  16:40  Marauder  
  150  16:42  Marauder  
  150  16:46  Marine, Marauder  
  132  17:01  Marauder  
  132  17:04  Marauder  
  133  17:09  Marine  
  133  17:22  Advanced Ballistics  
  135  17:23  Marauder  
  135  17:25  Marauder  
  135  17:26  SCV x2  
  137  17:31  SCV  
Show
View Real Time Build Order
Export as new Build Order

FunK Protoss - Winner!

Build Orders: 1 Gate Expand, Blink Stalkers 

Get SALT Encoding   

  12  0:03  Probe (Chrono Boost)  
  13  0:13  Probe (Chrono Boost)  
  14  0:20  Pylon  
  14  0:24  Probe (Chrono Boost)  
  15  0:39  Probe (Chrono Boost)  
  15  0:41  Gateway  
  16  0:46  Assimilator  
  16  0:49  Probe (Chrono Boost)  
  17  1:00  Probe (Chrono Boost)  
  18  1:10  Probe (Chrono Boost)  
  19  1:21  Probe (Chrono Boost)  
  19  1:25  Nexus  
  20  1:35  Cybernetics Core  
  20  1:38  Probe (Chrono Boost)  
  21  1:44  Assimilator  
  21  1:48  Probe (Chrono Boost)  
  22  1:59  Probe (Chrono Boost)  
  23  2:05  Pylon  
  23  2:14  Warp Gate  
  23  2:23  Mothership Core (Chrono Boost)  
  25  2:35  Robotics Facility  
  25  2:38  Probe (Chrono Boost)  
  25  2:40  Stalker  
  25  2:42  Probe (Chrono Boost)  
  29  2:49  Probe (Chrono Boost)  
  30  2:52  Probe (Chrono Boost)  
  31  2:58  Twilight Council  
  31  2:59  Probe (Chrono Boost)  
  31  3:03  Probe (Chrono Boost)  
  33  3:09  Assimilator  
  33  3:10  Probe (Chrono Boost)  
  34  3:13  Probe (Chrono Boost)  
  34  3:19  Probe (Chrono Boost)  
  35  3:22  Observer (Chrono Boost)  
  35  3:24  Probe  
  38  3:29  Blink (Chrono Boost), Probe  
  39  3:36  Probe  
  39  3:40  Probe  
  40  3:48  Observer, Probe  
  43  3:52  Gateway, Probe  
  43  3:53  Gateway  
  44  3:59  Pylon, Assimilator  
  44  4:00  Probe  
  45  4:03  Probe  
  46  4:17  Observer (Chrono Boost), Probe x2  
  46  4:20  Sentry  
  51  4:29  Probe x2  
  53  4:41  Probe  
  53  4:45  Nexus  
  54  4:49  Pylon  
  54  4:55  Pylon  
  54  5:07  Sentry, Probe x2  
  60  5:08  Immortal (Chrono Boost)  
  60  5:12  Robotics Bay  
  62  5:16  Gateway x2  
  62  5:19  Sentry, Pylon, Probe x2  
  62  5:20  Forge  
  66  5:26  Stalker  
  68  5:31  Probe x2  
  70  5:36  Resonating Glaives (Chrono Boost)  
  70  5:42  Stalker x2  
  74  5:43  Probe x2  
  76  5:52  Protoss Ground Weapons Level 1 (Chrono Boost), Immortal (Chrono Boost)  
  76  5:55  Probe  
  81  5:58  Probe  
  82  6:04  Stalker  
  82  6:05  Stalker  
  82  6:07  Stalker  
  82  6:10  Probe x2  
  90  6:12  Probe  
  90  6:17  Pylon  
  91  6:25  Probe x2  
  93  6:27  Pylon  
  93  6:28  Colossus  
  97  6:40  Stalker x2  
  100  6:49  Adept x2  
  100  6:50  Pylon  
  104  6:55  Probe  
  104  6:56  Probe x2  
  104  6:58  Assimilator  
  104  6:59  Extended Thermal Lance  
  104  7:00  Pylon  
  104  7:01  Adept  
  109  7:07  Probe  
  109  7:08  Probe x2  
  112  7:11  Assimilator  
  112  7:16  Colossus  
  112  7:18  Adept  
  112  7:19  Probe  
  112  7:20  Adept  
  123  7:22  Adept  
  123  7:29  Adept x2  
  120  7:37  Protoss Ground Armor Level 1 (Chrono Boost)  
  118  7:52  Pylon  
  118  7:54  Pylon  
  118  7:55  Pylon  
  118  7:57  Pylon  
  118  8:13  Nexus  
  118  8:16  Pylon  
  118  8:18  Pylon  
  118  8:25  Pylon  
  118  8:34  Colossus (Chrono Boost), Probe x2  
  118  8:35  Pylon  
  118  8:36  Adept x2  
  118  8:37  Adept x2  
  134  8:41  Gateway  
  134  8:43  Gateway  
  134  8:45  Gateway  
  134  8:46  Probe, Photon Cannon  
  135  8:50  Photon Cannon  
  135  8:57  Stalker x4  
  132  9:16  Probe x2  
  127  9:19  Photon Cannon  
  127  9:21  Adept  
  127  9:22  Adept x3  
  135  9:28  Probe  
  135  9:29  Probe  
  135  9:30  Stalker x2  
  134  9:35  Pylon  
  134  9:36  Protoss Ground Armor Level 2  
  134  9:40  Probe  
  134  9:41  Probe  
  134  9:43  Pylon  
  136  9:46  Templar Archives  
  136  9:50  Probe  
  137  9:53  Probe x2  
  139  10:02  Adept x3  
  139  10:05  Probe  
  144  10:09  Colossus (Chrono Boost)  
  150  10:14  Probe  
  150  10:15  Probe  
  150  10:19  Stalker  
  150  10:20  Stalker  
  150  10:21  Stalker  
  158  10:23  Pylon  
  158  10:35  Stalker x2  
  162  10:37  Stalker  
  162  10:42  Psionic Storm  
  164  10:49  Colossus (Chrono Boost)  
  164  10:53  Pylon  
  164  10:56  High Templar  
  172  11:00  Pylon  
  172  11:13  Pylon  
  172  11:16  Pylon  
  172  11:19  Zealot x2  
  172  11:20  Zealot x3  
  164  11:34  High Templar, Colossus  
  166  11:42  Gateway  
  166  11:44  Gateway  
  166  11:46  Gateway  
  172  11:53  High Templar x2  
  176  11:56  Adept x3  
  179  12:03  Nexus  
  179  12:05  Pylon  
  179  12:11  Nexus  
  179  12:16  High Templar x2  
  179  12:21  High Templar, Zealot  
  187  12:35  High Templar, Zealot  
  189  12:39  Pylon  
  139  13:22  Stalker x2  
  139  13:23  Stalker x6  
  155  13:27  Colossus (Chrono Boost)  
  155  13:31  Assimilator  
  155  13:33  Protoss Ground Armor Level 3 (Chrono Boost)  
  161  13:36  Assimilator  
  161  13:42  Probe x3  
  161  13:44  Photon Cannon  
  164  13:54  Probe  
  163  13:57  Probe  
  163  13:58  Probe  
  163  14:02  Stalker x3  
  169  14:06  Probe  
  170  14:20  Warp Prism (Chrono Boost)  
  170  14:25  Stalker x4  
  178  14:37  Stalker x3  
  178  14:38  Stalker  
  172  14:51  Colossus (Chrono Boost)  
  170  15:17  Adept  
  170  15:18  Adept x4  
  170  15:21  Adept x3  
  184  15:38  Colossus (Chrono Boost)  
  182  15:47  Protoss Ground Weapons Level 2  
  176  15:50  Stalker  
  176  15:51  Stalker x7  
  181  16:14  Stalker x3  
  187  16:25  Immortal (Chrono Boost)  
  182  16:29  High Templar x3  
  182  16:30  High Templar  
  182  16:32  Stalker  
  192  16:33  Archon  
  192  16:34  Archon  
  192  16:37  Stalker x2  
  168  16:56  Adept x2  
  168  17:04  Adept x4  
  168  17:08  Adept  
  164  17:12  High Templar  
  160  17:44  Nexus  
  146  18:11  High Templar x3  
  146  18:16  Zealot x4  
  136  18:38  Stalker x2  
  136  18:40  Stalker  
Tags
 
Add a new tag
Caveats
  • Supply blocks, unpowered buildings, or Contaminate may cause inaccurate times.
  • Supply counts are checked every 10 seconds.